 Dungeon Crawl Stone Soup version 0.20.0-8-g6b59dc7 (webtiles) character file.

40 vatarom the Grave Robber (level 3, -2/25 HPs)
             Began as a Demonspawn Necromancer on June 1, 2017.
             Slain by a kobold (4 damage)
             ... on level 2 of the Dungeon.
             The game lasted 00:05:20 (1207 turns).

vatarom the Grave Robber (Demonspawn Necromancer)   Turns: 1207, Time: 00:05:21

Health: -2/25      AC:  2    Str:  7 (9)  XL:     3   Next: 30%
Magic:  0/6        EV: 12    Int: 13 (16) God:
Gold:   56         SH:  0    Dex: 14 (15) Spells: 5/7 levels left

rFire    . . .     SeeInvis .   d - +0 dagger
rCold    . . .     Gourm    .   (no shield)
rNeg     . . .     Faith    .   a - +0 robe
rPois    .         Spirit   .   (helmet restricted)
rElec    .         Reflect  .   (no cloak)
rCorr    .         Harm     .   (no gloves)
MR       .....                  (no boots)
Stlth    ++........             (no amulet)
Regen    0.1/turn               (no ring)
MPRegen  0.1/turn               (no ring)

@: lethally poisoned (-2 -> -5)
A: antennae 1, thin skeletal structure 1, frail 1
a: no special abilities


You were on level 2 of the Dungeon.
You were hungry.

You visited 1 branch of the dungeon, and saw 2 of its levels.

You collected 56 gold pieces.

Inventory:

Hand Weapons
 d - a +0 dagger (weapon)
Armour
 a - a +0 robe (worn)
Jewellery
 e - an uncursed ring of poison resistance {unknown}
Books
 b - a book of Necromancy

   Spells                             Type                      Level
   a - Pain                           Necromancy                   1
   b - Animate Skeleton               Necromancy                   1
   c - Vampiric Draining              Necromancy                   3
   d - Regeneration                   Charms/Necromancy            3
   e - Animate Dead                   Necromancy                   4
   f - Control Undead                 Necromancy                   4
Comestibles
 c - 2 bread rations
 f - a meat ration
 g - a chunk of flesh


   Skills:
 * Level 2.4 Fighting
 - Level 1.7 Dodging
 - Level 1.7 Stealth
 + Level 2.5 Spellcasting
 - Level 4.3 Necromancy


You had 5 spell levels left.
You knew the following spells:

 Your Spells              Type           Power        Failure   Level  Hunger
a - Pain                  Necr           ##..         4%          1    #......
b - Animate Skeleton      Necr           N/A          4%          1    #......


Dungeon Overview and Level Annotations

Branches:
Dungeon (2/15)

Altars:


Innate Abilities, Weirdness & Mutations

You have a pair of small antennae on your head.
You have a somewhat thin skeletal structure. (Dex +2, Stealth)
You are frail. (-10% HP)


Message History

You closely miss the adder.
The adder is almost dead.
You feel sick. The kobold hits you.
* * * LOW HITPOINT WARNING * * *
The adder closely misses you.
You hit the adder.
You kill the adder!
You feel your strength returning. The kobold misses you.
You aren't carrying any potions.
As you read the scroll labeled REPEW KEJUO, it crumbles to dust.
It is a scroll of identify.
You don't have any unidentified items.
* * * LOW HITPOINT WARNING * * *
You feel sick. The kobold closely misses you.
You see here a moonstone ring.
Unknown command.
e - a moonstone ring The kobold hits you.
You die...

....#. ..#
...#.##.# .
#....#.#
.<###.....####
.............#
.........<.#
...$...?...#
#..†....†K.#
#........@.#
#................
#...........####.
#.........#.#
#.........#.#
###########.. ...
...


You could see a kobold.

Vanquished Creatures
  An adder (D:2)
  An ooze (D:1)
  A dart slug (D:1)
  2 leopard geckos (D:1)
  A giant cockroach (D:1)
  4 goblins (D:1)
  2 hobgoblins (D:1)
  7 bats (D:1)
  A kobold (D:1)
  A rat (D:2)
21 creatures vanquished.

Vanquished Creatures (collateral kills)
  A goblin (D:1)
  A kobold (D:1)
2 creatures vanquished.

Grand Total: 23 creatures vanquished

Notes
Turn   | Place    | Note
-------+----------+-------------------------------------------
     0 | D:1      | vatarom the Demonspawn Necromancer began the quest for the Orb.
     0 | D:1      | Reached XP level 1. HP: 13/13 MP: 3/3
     4 | D:1      | Gained mutation: You are frail. (-10% HP) [potion of mutation]
     4 | D:1      | Gained mutation: Your system is resistant to poisons. (rPois) [potion of mutation]
     4 | D:1      | Lost mutation: Your system is resistant to poisons. (rPois) [potion of mutation]
     4 | D:1      | Gained mutation: You have a pair of small horns on your head. [potion of mutation]
    16 | D:1      | Learned a level 1 spell: Animate Skeleton
   129 | D:1      | Reached skill level 1 in Fighting
   427 | D:1      | Gained mutation: You have a somewhat thin skeletal structure. (Dex +2, Stealth) [demonic ancestry]
   427 | D:1      | Reached XP level 2. HP: 16/18 MP: 1/5
  1100 | D:1      | Lost mutation: You have a pair of small horns on your head. [demonic ancestry]
  1100 | D:1      | Gained mutation: You have a pair of small antennae on your head. [demonic ancestry]
  1100 | D:1      | Reached XP level 3. HP: 13/24 MP: 1/6
  1207 | D:2      | Slain by a kobold

Skill      XL: |  1  2 |
---------------+-------+-----
Fighting       | 1 2 |  2.4
Dodging        | |  1.7
Stealth        | |  1.7
Spellcasting   | |  2.5
Necromancy     | |  4.3

Action                   || total
-------------------------++-------
Melee: Dagger            ||    15
       Unarmed           ||     2
       Headbutt          ||     2
 Cast: Pain              ||    35
       Animate Skeleton  ||    10
  Use: Potion            ||     5
       Scroll            ||     2
  Eat: Chunk             ||     1
Armor: Robe              ||    14
Dodge: Dodged            ||    37
